 Dungeon Crawl Stone Soup version 0.19.4-9-g45fd643 (webtiles) character file.

1947 xhc the Basher (level 8, -2/68 HPs)
             Began as a Minotaur Fighter on Feb 17, 2017.
             Slain by an ogre
             ... wielding a +0 giant spiked club
              (13 damage)
             ... on level 8 of the Dungeon.
             The game lasted 00:19:53 (4478 turns).

xhc the Basher (Minotaur Fighter)                   Turns: 4478, Time: 00:19:53

Health: -2/68      AC: 14    Str: 21    XL:     8   Next: 98%
Magic:  7/7        EV: 10    Int:  7    God:    Xom [..*...]
Gold:   360        SH: 11    Dex: 15    Spells: 1 memorised, 6 levels left

rFire  + . .     SeeInvis +     a - +0 flail
rCold  + . .     Gourm    +     q - +0 plate armour
rNeg   . . .     Faith    .     c - +0 shield
rPois  +         Spirit   .     (helmet restricted)
rElec  +         Reflect  .     (no cloak)
rCorr  +         Harm     .     i - +1 pair of gloves
MR     .....                    (no boots)
Stlth  ..........               v - amulet of the gourmand
                                (no ring)
                                g - ring of see invisible

@: agile, resistant, very slightly contaminated, hasted, very quick
A: retaliatory headbutt, horns 2
a: Renounce Religion


You were on level 8 of the Dungeon.
You worshipped Xom.
You were a toy of Xom.
You were not hungry.

You visited 1 branch of the dungeon, and saw 8 of its levels.
You also visited: Sewer.

You collected 360 gold pieces.

Inventory:

Hand Weapons
 a - a +0 flail (weapon)
Missiles
 o - 2 tomahawks (quivered)
Armour
 b - a +0 scale mail
 c - a +0 shield (worn)
 i - a +1 pair of gloves (worn)
 q - a +0 plate armour (worn)
 w - a +0 large shield
Jewellery
 g - a ring of see invisible (left hand)
 s - an uncursed amulet of harm
 v - an amulet of the gourmand (around neck)
Wands
 t - a wand of digging (13/24)
 y - a wand of slowing (23/48)
Scrolls
 p - 3 scrolls of blinking
 r - a scroll of fear
 x - a scroll of fog
Potions
 d - a potion of might
 h - 2 potions of cancellation
 k - a potion of resistance
 l - 2 potions of lignification
 z - a potion of berserk rage {unknown}
Books
 A - a book of Minor Magic

   Spells                             Type                      Level
   a - Magic Dart                     Conjuration                  1
   b - Blink                          Translocation                2
   c - Call Imp                       Summoning                    2
   d - Repel Missiles                 Charms/Air                   2
   e - Slow                           Hexes                        2
   f - Conjure Flame                  Conjuration/Fire             3
   g - Mephitic Cloud                 Conjuration/Poison/Air       3
Comestibles
 f - 4 bread rations
 j - 5 fruits
 n - 2 royal jellies
 u - a meat ration


   Skills:
 + Level 5.2 Fighting
 * Level 10.1 Maces & Flails
 + Level 0.8 Throwing
 + Level 5.9 Armour
 + Level 1.3 Dodging
 + Level 6.1 Shields
 * Level 4.7 Unarmed Combat
 + Level 0.1 Conjurations


You had 6 spell levels left.
You knew the following spells:

 Your Spells              Type           Power        Failure   Level  Hunger
a - Magic Dart            Conj           #...         100%        1    ##.....


Dungeon Overview and Level Annotations

Branches:
Dungeon (8/15)             Temple (0/1) D:7
   Lair: D:8-11

Altars:
Cheibriados
Elyvilon
Vehumet
Xom

Shops:
D:5 :

Annotations:
D:7 Azzok's ghost, novice CeHu


Innate Abilities, Weirdness & Mutations

You reflexively headbutt those who attack you in melee.
You have a pair of horns on your head.


Message History

You climb downwards.
An ogre comes into view. It is wielding a giant spiked club.
The ogre shouts!
There is a stone staircase leading up here.
You hit the ogre but do no damage. You headbutt the ogre.
The ogre is lightly wounded.
Your shield and plate armour prevent you from hitting the ogre.
You headbutt the ogre.
The ogre is lightly wounded.
You block the ogre's attack.
An ogre comes into view. It is wielding a giant club.
You completely miss the ogre.
The ogre shouts!
You headbutt the ogre, but do no damage.
The ogre is lightly wounded.
You hit the ogre.
The ogre is moderately wounded.
The ogre hits you with a giant spiked club!
You die...
Xom snickers!

... ..
.. #O#
#..#
##..#
#O.#
#@#
#...#
....###
..####


You could see 2 ogres.

Vanquished Creatures
  The ghost of execc the Skirmisher, a novice NaBe of Trog (D:6)
  A hippogriff (D:7)
  2 sky beasts
  An ice beast (D:6)
  A phantom (D:6)
  A necrophage (D:7)
  An ogre (D:6)
  2 bullfrogs (Sewer)
  A scorpion (D:6)
  A hound (D:4)
  A bullfrog zombie (D:6)
  A jelly (D:5)
  4 orc wizards
  A centaur skeleton (D:4)
  2 worker ants
  4 gnolls (D:5)
  10 adders
  A howler monkey skeleton (D:5)
  A river rat (D:5)
  9 oozes
  An adder skeleton (D:7)
  A worm (D:4)
  4 dart slugs
  9 leopard geckos
  7 orcs
  10 giant cockroaches
  5 hobgoblins
  3 jackals (D:1)
  A quokka (D:6)
  6 ball pythons
  2 bats
  20 frilled lizards
  9 goblins
  A jackal zombie (D:5)
  9 kobolds
  A quokka skeleton (D:6)
  A quokka zombie (D:6)
  4 rats
140 creatures vanquished.

Notes
Turn   | Place    | Note
-------+----------+-------------------------------------------
     0 | D:1      | xhc the Minotaur Fighter began the quest for the Orb.
     0 | D:1      | Reached XP level 1. HP: 19/19 MP: 0/0
   124 | D:1      | Reached XP level 2. HP: 27/27 MP: 1/1
   328 | D:1      | Reached skill level 3 in Maces & Flails
   397 | D:1      | Reached XP level 3. HP: 33/33 MP: 2/2
   514 | D:2      | Found a snail-covered altar of Cheibriados.
   906 | D:3      | Reached skill level 1 in Unarmed Combat
   928 | D:3      | Reached XP level 4. HP: 40/40 MP: 3/3
  1077 | D:3      | Reached skill level 4 in Maces & Flails
  1676 | D:4      | Reached XP level 5. HP: 46/46 MP: 4/4
  2042 | D:4      | Reached skill level 5 in Maces & Flails
  2042 | D:4      | Reached skill level 1 in Dodging
  2327 | D:5      | Entered Level 5 of the Dungeon
  2448 | D:5      | Reached XP level 6. HP: 52/52 MP: 5/5
  2485 | D:5      | Found Yciekleu's Book Shoppe.
  2531 | D:5      | Found a glowing drain.
  2540 | Sewer    | Entered a sewer
  2848 | Sewer    | Reached skill level 6 in Maces & Flails
  2882 | Sewer    | Reached skill level 5 in Shields
  2882 | Sewer    | Reached XP level 7. HP: 16/60 MP: 6/6
  3643 | D:6      | Noticed execc's ghost (novice NaBe)
  3662 | D:6      | Reached skill level 7 in Maces & Flails
  3662 | D:6      | Reached skill level 5 in Armour
  3684 | D:6      | Killed execc's ghost
  3684 | D:6      | Reached skill level 5 in Fighting
  3684 | D:6      | Reached skill level 8 in Maces & Flails
  3684 | D:6      | Reached XP level 8. HP: 58/68 MP: 7/7
  3894 | D:6      | Found a radiant altar of Vehumet.
  3894 | D:6      | Found a snail-covered altar of Cheibriados.
  3895 | D:6      | Found a white marble altar of Elyvilon.
  3956 | D:6      | Reached skill level 9 in Maces & Flails
  4023 | D:6      | Found a shimmering altar of Xom.
  4031 | D:6      | Became a worshipper of Xom the Unpredictable
  4146 | D:6      | XOM: harmless Air miscast
  4223 | D:6      | XOM: harmless Summ miscast
  4304 | D:7      | Noticed a hippogriff
  4313 | D:7      | Killed a hippogriff
  4326 | D:7      | Learned a level 1 spell: Magic Dart
  4363 | D:7      | Reached skill level 10 in Maces & Flails
  4400 | D:7      | XOM: divination: detect creatures
  4401 | D:7      | XOM: noise
  4426 | D:7      | Found a staircase to the Ecumenical Temple.
  4443 | D:7      | Noticed Azzok's ghost (novice CeHu)
  4451 | D:7      | XOM: potion effect (haste)
  4455 | D:7      | XOM: divination: detect items
  4465 | D:7      | XOM: potion effect (agility)
  4478 | D:8      | Slain by an ogre

Skill      XL: |  1  2  3  4  5  6  7  8 |
---------------+-------------------------+-----
Armour         | 4 5 |  5.9
Maces & Flails | 3 4 5 6 8 10 | 10.1
Unarmed Combat | 1 2 4 |  4.7
Shields        | 4 5 6 |  6.1
Fighting       | 4 5 |  5.2
Dodging        | 1 |  1.3
Throwing       | |  0.8
Conjurations   | |  0.1

Action                   |  1- 3 |  4- 6 |  7- 9 || total
-------------------------+-------+-------+-------++-------
Melee: Flail             |    75 |   239 |   154 ||   468
       Headbutt          |    13 |    34 |    39 ||    86
Throw: Tomahawk          |       |     3 |     7 ||    10
  Use: Scroll            |     6 |     5 |     6 ||    17
       Potion            |       |       |     4 ||     4
  Eat: Meat ration       |       |     1 |     1 ||     2
       Chunk             |       |     2 |       ||     2
       Pizza             |       |       |     1 ||     1
       Beef jerky        |       |       |     1 ||     1
Armor: Scale mail        |    24 |    21 |       ||    45
       Ring mail         |    13 |       |       ||    13
       Plate armour      |       |   136 |    49 ||   185
Dodge: Dodged            |    22 |    45 |    26 ||    93
Block: Shield            |    42 |   147 |    52 ||   241
